cohdb
Replays
Latest Replays
All Replays
Popular Replays
Top Player Replays
Match Explorer
How It Works
Community
CoH3 Stats
Reddit
Sign in to upload your games and track your stats! →
Sign in with Steam
Match 44274119
Unlisted
Match 44274119
Overview
Messages
Build Orders
End
Construct Infanterie Kompanie
Selects Mechanized Battlegroup
Grenadier Squad
Grenadier Squad
GrW 34 Mortar Team
Grenadier Squad
Construct Panzergrenadier Kompanie
Selects Mobile Repair Stations
251 Medium Carrier
Medical Bunker
Selects Wespe Self-propelled Artillery
Wespe Self-propelled Artillery
Pak 40 Anti-tank Gun Team
Panzergrenadier Squad
Panzergrenadier Officer Quarters
Selects Raid Package
Pak 40 Anti-tank Gun Team
Selects StuG Assault Group
Selects UNKNOWN (2160084)
Grenadier Squad
Construct Panzer Kompanie
Selects Zeroing Artillery Barrage
Panther Heavy Tank
Starman
YourMom'sPiesSoHotRightNow
RunningWithFate
Onoyk
0
0
Comments
sign in to comment!
No comments posted yet!